 Dungeon Crawl Stone Soup version 0.23.1 (webtiles) character file.

Game seed: 4993475405181411169

789 dengdeng the Cleaver (level 7, -13/93 HPs)
             Began as a Hill Orc Berserker on Mar 19, 2019.
             Was a Priest of Trog.
             Mangled by a two-headed ogre
             ... wielding a +0 giant club
              (19 damage)
             ... on level 5 of the Dungeon.
             The game lasted 00:20:57 (5501 turns).

dengdeng the Cleaver (Hill Orc Berserker)           Turns: 5501, Time: 00:20:57

Health: -13/93     AC: 16    Str: 27    XL:     7   Next: 87%
Magic:  7/7        EV:  7    Int:  7    God:    Trog [***...]
Gold:   175        SH:  3    Dex: 10    Spells: 6/6 levels left

rFire    + . .     SeeInvis .   s - +0 war axe
rCold    . . .     Gourm    .   e - +0 buckler
rNeg     . . .     Faith    .   u - +1 plate armour
rPois    .         Spirit   .   (no helmet)
rElec    .         Reflect  .   (no cloak)
rCorr    .         Harm     .   p - +0 pair of gloves
MR       +....                  t - +1 pair of boots
Stlth    ..........             (no amulet)
HPRegen  0.25/turn              x - ring of protection from fire
MPRegen  0.10/turn              k - ring of protection from magic

@: berserking, very quick
A: no striking features
a: Berserk, Trog's Hand, Renounce Religion


You were on level 5 of the Dungeon.
You worshipped Trog.
Trog was most pleased with you.
You were near starving.

You visited 1 branch of the dungeon, and saw 6 of its levels.

You collected 175 gold pieces.

Inventory:

Hand Weapons
 a - a +0 hand axe
 s - a +0 war axe (weapon)
Missiles
 f - 134 stones (quivered)
 v - 5 javelins of penetration
Armour
 e - a +0 buckler (worn)
 p - a +0 pair of gloves (worn)
 t - a +1 pair of boots (worn)
 u - a +1 plate armour (worn)
Jewellery
 k - a ring of protection from magic (right hand)
 x - a ring of protection from fire (left hand)
Wands
 w - a wand of acid (11)
 z - a wand of flame (20)
Scrolls
 b - a scroll of fear
 m - 2 scrolls of enchant armour
 o - a scroll of identify
 q - a scroll of magic mapping {unknown}
 r - 2 scrolls of teleportation {unknown}
 y - a scroll of random uselessness {unknown}
Potions
 d - 2 potions of invisibility {unknown}
 g - a potion of haste {unknown}
 h - 4 potions of heal wounds {unknown}
 i - 2 potions of might {unknown}
 j - a potion of cancellation {unknown}
 l - 2 potions of brilliance {unknown}
 n - a potion of curing {unknown}
Comestibles
 c - 10 rations


   Skills:
 + Level 5.7 Fighting
   Level 0.9 Short Blades
 + Level 8.6 Axes
 + Level 2.4 Throwing
 + Level 3.7 Armour
 + Level 2.2 Dodging
 + Level 0.2 Stealth
 + Level 0.9 Shields


You had 6 spell levels left.
You didn't know any spells.
Your spell library was empty.

Dungeon Overview and Level Annotations

Branches:
Dungeon (6/15)
 Temple: D:4-7

Altars:
Ashenzari
Dithmenos
Fedhas
Kikubaaqudgha
Nemelex Xobeh
Qazlal
Vehumet
The Shining One

Shops:
D:4 :


Message History

The two-headed ogre is heavily wounded.
The two-headed ogre closely misses you.
The two-headed ogre hits you with a +0 giant spiked club!
You completely miss the two-headed ogre.
The two-headed ogre is heavily wounded.
The two-headed ogre barely misses you.
The two-headed ogre hits you with a +0 giant spiked club!
You slice the two-headed ogre!!
The two-headed ogre is severely wounded.
The two-headed ogre hits you with a +0 giant club!
* * * LOW HITPOINT WARNING * * *
The two-headed ogre hits you with a +0 giant spiked club.
* * * LOW HITPOINT WARNING * * *
A red film seems to cover your vision as you go berserk!
You feel yourself moving faster!
You feel mighty!
You are near starving!
You barely miss the two-headed ogre.
The two-headed ogre is severely wounded.
The two-headed ogre hits you with a +0 giant club!!
You die...

#...........#
######.###.#
########.# #.#
.........# #.#
########## #.#
#.#####
#.....#
#####.# #@#
#.......O....#
####
#.###.#.####.#
...#######.
#.###
##......... .
#.#######.#..
##.#### #.#.
......# #.#.
##.##.# #.#


You could see a two-headed ogre.

Vanquished Creatures
  A centaur (D:5)
  A scorpion (D:4)
  A hound (D:4)
  2 centaur skeletons (D:4)
  An orc priest (D:4)
  4 orc wizards (D:4)
  6 worker ants
  7 gnolls (D:3)
  7 adders
  A shadow imp (D:5)
  3 oozes
  2 adder skeletons (D:4)
  A worm (D:4)
  2 dart slugs
  2 leopard geckos
  18 orcs
  A ball python (D:4)
  4 bats
  7 giant cockroaches
  6 goblins
  8 hobgoblins
  11 jackals
  5 quokkas
  6 frilled lizards
  8 kobolds
  A quokka skeleton (D:4)
  5 rats
121 creatures vanquished.

Vanquished Creatures (others)
  An orc wizard (D:4)
1 creature vanquished.

Grand Total: 122 creatures vanquished

Notes
Turn   | Place    | Note
-------+----------+-------------------------------------------
     0 | D:1      | dengdeng the Hill Orc Berserker began the quest for the
                  | Orb.
     0 | D:1      | Reached XP level 1. HP: 19/19 MP: 1/1
   379 | D:1      | Reached XP level 2. HP: 14/27 MP: 2/2
   914 | D:1      | Reached skill level 1 in Throwing
  1187 | D:1      | Reached XP level 3. HP: 33/33 MP: 3/3
  1242 | D:2      | Found a blossoming altar of Fedhas.
  1405 | D:2      | Reached ** piety under Trog
  1843 | D:2      | Reached skill level 5 in Axes
  1843 | D:2      | Reached XP level 4. HP: 36/40 MP: 4/4
  2388 | D:3      | Found a stormy altar of Qazlal.
  2406 | D:3      | Reached XP level 5. HP: 41/46 MP: 5/5
  2574 | D:3      | Found a radiant altar of Vehumet.
  3066 | D:3      | Found a shattered altar of Ashenzari.
  3069 | D:3      | Found a shadowy altar of Dithmenos.
  3184 | D:3      | Reached *** piety under Trog
  3604 | D:3      | Found a sparkling altar of Nemelex Xobeh.
  3672 | D:3      | Reached skill level 6 in Axes
  3672 | D:3      | Reached XP level 6. HP: 52/53 MP: 6/6
  3865 | D:4      | Found Xuadurule's Book Emporium.
  4112 | D:4      | Reached skill level 5 in Fighting
  4228 | D:4      | Reached skill level 7 in Axes
  4229 | D:4      | Reached XP level 7. HP: 51/61 MP: 7/7
  4817 | D:4      | Reached skill level 8 in Axes
  4845 | D:4      | Received a gift from Trog
  4893 | D:4      | You fall through a shaft for 2 floors!
  4978 | D:5      | Entered Level 5 of the Dungeon
  5178 | D:4      | Found a glowing golden altar of the Shining One.
  5343 | D:5      | Found an ancient bone altar of Kikubaaqudgha.
  5491 | D:5      | Noticed a two-headed ogre
  5501 | D:5      | Mangled by a two-headed ogre

Skill      XL: |  1  2  3  4  5  6  7 |
---------------+----------------------+-----
Fighting       | 4 5 |  5.7
Throwing       | 1 2 |  2.4
Axes           | 5 6 7 8 |  8.6
Dodging        | 2 |  2.2
Armour         | 3 |  3.7
Short Blades   | |  0.9
Stealth        | |  0.2
Shields        | |  0.9

Action                   |  1- 3 |  4- 6 |  7- 9 || total
-------------------------+-------+-------+-------++-------
Melee: Hand axe          |    80 |    24 |       ||   104
       Short sword       |       |    57 |       ||    57
       War axe           |       |   123 |   102 ||   225
Throw: Stone             |    79 |    55 |    24 ||   158
Invok: Berserk           |     1 |     3 |     2 ||     6
  Use: Scroll            |       |     5 |     1 ||     6
  Eat: Chunk             |     4 |    10 |     5 ||    19
Armor: Animal skin       |     9 |     4 |       ||    13
       Ring mail         |       |     8 |       ||     8
       Scale mail        |       |    18 |       ||    18
       Plate armour      |       |    75 |    60 ||   135
Dodge: Dodged            |    34 |    75 |    33 ||   142
Block: Buckler           |     6 |    29 |    11 ||    46
